 Dungeon Crawl Stone Soup version 0.28-a0-1117-g0bdd5ba030 (webtiles) character file.

Game seed: 10627212885294238707

9 anonymouscript the Vexing (level 2, -2/23 HPs)
             Began as a Gnoll Arcane Marksman on Dec 11, 2021.
             Was an Initiate of Hepliaklqana.
             Slain by an orc (5 damage)
             ... on level 4 of the Dungeon.
             The game lasted 00:06:04 (442 turns).

anonymouscript the Vexing (Gnoll Arcane Marksman)    Turns: 442, Time: 00:06:04

Health: -2/23      AC:  2    Str:  9    XL:     2   Next: 16%
Magic:  4/5        EV: 13    Int: 12    God:    Hepliaklqana [......]
Gold:   45         SH:  0    Dex: 12    Spells: 5/6 levels left

rFire   . . .      SeeInvis .   a - +0 shortbow
rCold   . . .      Faith    .   (shield currently unavailable)
rNeg    . . .      Spirit   .   d - +0 robe
rPois   .          Reflect  .   (no helmet)
rElec   .          Harm     .   (no cloak)
rCorr   .          Rampage  .   (no gloves)
Will    .....                   (no boots)
Stlth   +.........              (no amulet)
HPRegen 0.07/turn               (no ring)
MPRegen 0.09/turn               (no ring)

@: no status effects
A: fangs 1, strong nose, distributed training
a: Renounce Religion


You were on level 4 of the Dungeon.
You worshipped Hepliaklqana.
Hepliaklqana was noncommittal.
You visited 1 branch of the dungeon, and saw 4 of its levels.

You collected 45 gold pieces.

Inventory:

Hand Weapons
 a - a +0 shortbow (weapon)
 g - a +2 hunting sling of freezing
Missiles
 e - 21 stones (quivered)
Armour
 d - a +0 robe (worn)
Potions
 b - a potion of resistance {unknown}
 f - a potion of heal wounds {unknown}
 h - a potion of flight {unknown}


   Skills:
 + Level 2.4 Fighting
 + Level 0.3 Short Blades
 + Level 0.3 Long Blades
 + Level 0.3 Axes
 + Level 0.3 Maces & Flails
 + Level 0.3 Polearms
 + Level 0.3 Staves
 + Level 0.3 Slings
 + Level 4.4 Bows
 + Level 0.3 Crossbows
 + Level 0.3 Throwing
 + Level 0.3 Armour
 + Level 4.4 Dodging
 + Level 0.3 Stealth
 + Level 0.3 Shields
 + Level 0.3 Unarmed Combat
 + Level 2.7 Spellcasting
 + Level 0.2 Conjurations
 + Level 5.3 Hexes
 + Level 0.2 Summonings
 + Level 0.2 Necromancy
 + Level 0.2 Translocations
 + Level 0.2 Transmutations
 + Level 0.2 Fire Magic
 + Level 0.2 Ice Magic
 + Level 0.2 Air Magic
 + Level 0.2 Earth Magic
 + Level 0.2 Poison Magic
 + Level 0.4 Invocations
 + Level 0.3 Evocations


You had 5 spell levels left.
You knew the following spells:

 Your Spells              Type           Power      Damage    Failure   Level
a - Slow                  Hex            56%        N/A       2%          1

Your spell library contained the following spells:

 Spells                   Type           Power      Damage    Failure   Level
 Inner Flame              Hex/Fire       8%         N/A       24%         3
 Portal Projectile        Hex/Tloc       16%        N/A       24%         3
 Cause Fear               Hex            7%         N/A       28%         4


Dungeon Overview and Level Annotations

Branches:
Dungeon (4/15)
 Temple: D:4-7

Altars:
Hepliaklqana


Innate Abilities, Weirdness & Mutations

You have very sharp teeth.
Your uncanny sense of smell can sniff out nearby items.
Your experience applies equally to all skills.


Message History

Fire: 2 arrows
Press: ? - help, Q - select action, (/) - cycle Shift-Dir - straight line, f/p - orc
Aim: an orc, wielding a +0 short sword and wearing a +0 ring mail (severely wounded, 64% to hit)
You shoot an arrow. The arrow closely misses the orc.
The orc hits you with a +0 short sword.
Fire: arrow
Press: ? - help, Q - select action, (/) - cycle Shift-Dir - straight line, f/p - orc
Aim: an orc, wielding a +0 short sword and wearing a +0 ring mail (severely wounded, 64% to hit)
You shoot an arrow. The arrow barely misses the orc.
The adder closely misses you. The orc hits you with a +0 short sword.
Unknown command.
Okay, then.
Casting: Slow (safe; 2% risk of failure)
Confirm with . or Enter, or press ? or * to list all spells.
Aiming: Slow (safe; 2% risk of failure)
Press: ? - help, Shift-Dir - straight line, f/p - orc
Aim: an orc, wielding a +0 short sword and wearing a +0 ring mail (severely wounded, chance to affect: 68%)
The orc seems to slow down.
The adder misses you. x2
Throw: 24 stones
Press: ? - help, Q - select action, (/) - cycle Shift-Dir - straight line, f/p - orc
Aim: an orc, wielding a +0 short sword and wearing a +0 ring mail (severely wounded, slow, 61% to hit)
You throw a stone. The stone closely misses the orc.
The adder closely misses you. The orc hits you but does no damage.
Throw: 23 stones
Press: ? - help, Q - select action, (/) - cycle Shift-Dir - straight line, f/p - orc
Aim: an orc, wielding a +0 short sword and wearing a +0 ring mail (severely wounded, slow, 61% to hit)
You throw a stone. The stone barely misses the orc.
The adder bites you.
* * * LOW HITPOINT WARNING * * *
The orc hits you with a +0 short sword.
* * * LOW HITPOINT WARNING * * *
The adder completely misses you.
Throw: 22 stones
Press: ? - help, Q - select action, (/) - cycle Shift-Dir - straight line, f/p - orc
Aim: an orc, wielding a +0 short sword and wearing a +0 ring mail (severely wounded, slow, 61% to hit)
You throw a stone.
The stone hits the orc but does no damage.
The orc is severely wounded.
The adder misses you. The orc hits you with a +0 short sword.
You die...

#.#..#..##....#
#.# # #.#
#..##....# #.#
#.#
#..##....###.#
#.#
#####........#
#.# #####.####
#######.#
#.(.....#
#.######o#######
#.....S@.#
#.######.# ###


You could see an adder and an orc (slow).

Vanquished Creatures
  2 bats
  An endoplasm (D:4)
  A giant cockroach (D:1)
  2 goblins
  A kobold (D:4)
  A frilled lizard (D:1)
  A rat (D:1)
9 creatures vanquished.

Vanquished Creatures (others)
  5 plants (D:2)
  A withered plant (D:3)
6 creatures vanquished.

Grand Total: 15 creatures vanquished

Notes
Turn   | Place    | Note
-------+----------+-------------------------------------------
     0 | D:1      | anonymouscript the Gnoll Arcane Marksman began the quest
                  | for the Orb.
     0 | D:1      | Reached XP level 1. HP: 17/17 MP: 4/4
   138 | D:1      | You fall into a shaft and drop 1 floor!
   319 | D:4      | Reached XP level 2. HP: 23/23 MP: 5/5
   370 | D:4      | Found a hazy altar of Hepliaklqana.
   378 | D:4      | Became a worshipper of Hepliaklqana the Forgotten
   442 | D:4      | Slain by an orc

Illustrated notes

Levels and vault maps discovered:
D:1:      mrwooster_arrival_statue_2, layout_rooms,
          shapermc_ecumenical_altar_notcrosses
D:2:      layout_loops_ring, serial_bayou, serial_bayou_crossing,
          serial_bayou_lake_a, serial_bayou_pond_b, serial_bayou_pond_c,
          kennysheep_another_room, uniq_natasha, uniq_terence
D:3:      layout_loops_ring, marbit_many_paths,
          nicolae_qazlal_style_of_elements, nicolae_elyvilon_temple_path,
          kiku_gazebo_garden_becter, kennysheep_generic_room_2
D:4:      cheibrodos_pilgrimage, layout_basic, mainiacjoe_overflow_alcove_1,
          minmay_temple_entry_overgrown, uniq_pargi

Action                   || total
-------------------------++-------
 Fire: Shortbow          ||    38
Throw: Stone             ||     3
 Cast: Slow              ||     1
Armor: Robe              ||     5
Dodge: Dodged            ||    29

Table legend: (Time is in decaauts)
 A = Elapsed time spent in this place.
 B = Non-inter-level travel time spent in this place.
 C = Inter-level travel time spent in this place.
 D = Time resting spent in this place.
 E = Time spent auto-exploring this place.
 F = Levels seen in this place.
 G = Mean time per level.
                   A        B        C        D        E       F      G
               +--------+--------+--------+--------+--------+-----+--------+
         Total |    454 |    423 |     31 |      0 |    111 |   4 |  113.5 |
       Dungeon |    454 |    423 |     31 |      0 |    111 |   4 |  113.5 |
               +--------+--------+--------+--------+--------+-----+--------+

Top non-repeatable levels by time:
     D:2: 152 daAuts
     D:1: 138 daAuts
     D:4: 129 daAuts
     D:3: 33 daAuts
